 Dungeon Crawl Stone Soup version 0.32-a0-768-g0f6f1dd4b9 (webtiles) character file.

Game seed: 9715262473782382599

128 Fodor the Shield-Bearer (level 4, -2/41 HPs)
             Began as a Minotaur Fighter on Mar 18, 2024.
             Was an Initiate of Gozag.
             Killed by divine providence
             ... invoked by an orc priest
              (13 damage)
             ... on level 4 of the Dungeon.
             The game lasted 00:06:36 (2966 turns).

Fodor the Shield-Bearer (Minotaur Fighter)          Turns: 2966, Time: 00:06:38

Health: -2/41      AC:  8    Str: 23    XL:     4   Next: 86%
Magic:  3/3        EV:  8    Int:  5    God:    Gozag
Gold:   69         SH:  4    Dex:  9    Spells: 3/3 levels left

rFire   . . .        a - +0 war axe
rCold   . . .        c - +0 buckler
rNeg    . . .        b - +0 scale mail
rPois   .            (helmet restricted)
rElec   .            n - +0 cloak
rCorr   .            (no gloves)
SInv    .            (no boots)
Will    .....        (no amulet) Stlth
                     (no ring)
HPRegen 0.26/turn    (no ring)
MPRegen 0.08/turn

%: no passive effects
@: no status effects
A: horns 2, retaliatory headbutt
a: Renounce Religion, Potion Petition, Call Merchant, Bribe Branch


You were on level 4 of the Dungeon.
You worshipped Gozag.
Gozag was noncommittal.
You visited 1 branch of the dungeon, and saw 4 of its levels.

You collected 212 gold pieces.
You spent 90 gold pieces at shops.
You paid 53 gold pieces to Gozag.

Inventory:

Hand Weapons
 a - a +0 war axe (weapon)
Armour
 b - a +0 scale mail (worn)
 c - a +0 buckler (worn)
 n - a +0 cloak (worn)
Jewellery
 g - a ring of ice
 v - a +4 ring of protection
Talismans
 k - a beast talisman
 l - a flux talisman
Wands
 p - a wand of digging (4)
Scrolls
 f - 2 scrolls of enchant weapon {unknown}
 i - 2 scrolls of identify {unknown}
 t - a scroll of poison {unknown}
Potions
 d - a potion of might
 e - 2 potions of curing {unknown}
 h - 3 potions of attraction {unknown}
 j - a potion of ambrosia {unknown}
 m - a potion of invisibility {unknown}
 o - a potion of resistance {unknown}
 q - a potion of cancellation {unknown}
 r - 2 potions of degeneration {unknown}
 s - a potion of enlightenment {unknown}
 u - a potion of brilliance {unknown}


   Skills:
 + Level 4.3 Fighting
 + Level 3.7 Axes
 + Level 4.6 Armour
 + Level 0.5 Dodging
 + Level 4.6 Shields


You had 3 spell levels left.
You didn't know any spells.
Your spell library contained the following spells:

 Spells                   Type           Power      Damage    Failure   Level
 Sting                    Conj/Alch      0%         1d3       83%         1
 Mercury Vapours          Alch/Air       0%         N/A       93%         2
 Mephitic Cloud           Conj/Alch/Air  0%         N/A       99%         3
 Olgreb's Toxic Radiance  Alch           0%         N/A       100%        4
 Freezing Cloud           Conj/Ice/Air   0%         6-21      100%        5


Dungeon Overview and Level Annotations

Branches:
Dungeon (4/15)
 Temple: D:4-7

Altars:
Gozag
Okawaru
Vehumet
Zin

Shops:
D:3 *[(


Innate Abilities, Weirdness & Mutations

You have a pair of horns on your head.
You reflexively headbutt those who attack you in melee.


Message History

The orc wizard hits you but does no damage. x2
Unknown command.
You barely miss the orc wizard.
The orc wizard is lightly wounded.
The orc wizard gestures at you while chanting.
The puff of flame hits you but does no damage.
You hit the orc wizard. You headbutt the orc wizard!
You kill the orc wizard!
The orc priest invokes the aid of Beogh against you.
Beogh smites you!
You hit the orc.
The orc is heavily wounded.
The orc barely misses you.
The orc priest calls upon Beogh to heal the orc.
The orc's wounds heal themselves!
The orc barely misses you. You furiously retaliate!
You headbutt the orc. You closely miss the orc.
The orc is heavily wounded.
The orc priest hits you from afar with a +0 trident.
The orc hits you but does no damage.
You slash the orc!
You kill the orc!
You block the orc priest's attack.
The orc priest hits you with a +0 trident.
Items here: $ )) [[.
You hit the orc priest. Your headbutt misses the orc priest.
The orc priest is moderately wounded.
The orc priest barely misses you. You block the orc priest's attack.
You hit the orc priest.
The orc priest is heavily wounded.
The orc priest mumbles some strange prayers to Beogh against you.
Pain shoots through your body!
* * * LOW HITPOINT WARNING * * *
You barely miss the orc priest.
The orc priest is heavily wounded.
You block the orc priest's attack.
The orc priest mumbles some strange prayers to Beogh against you.
Beogh smites you!
You die...
Your body crumbles into a pile of gold.

####.# #.. ## ##.##.#
#.##.##
##...#.#######.#...####
......................+
##...#.#######.....####
##.##.# ###..## ####.#
#$## #####.## #.#
#....#)# #@# #.###.##
#o# #.# ### #.# ##.#
#.# ##.# ... ##.# ###
#.# ##.# ...#


You could see an orc priest.

Vanquished Creatures
  Jessica (D:3)
  An orc wizard (D:4)
  3 adders
  2 dart slugs
  2 ribbon worms (D:3)
  4 orcs
  4 bats (D:1)
  3 endoplasms
  A giant cockroach (D:2)
  4 hobgoblins
  4 kobolds
  A quokka (D:3)
  2 ball pythons (D:1)
  A frilled lizard (D:1)
  4 goblins
  2 rats (D:1)
39 creatures vanquished.

Notes
Turn   | Place    | Note
-------+----------+-------------------------------------------
     0 | D:1      | Fodor the Minotaur Fighter began the quest for the Orb.
     0 | D:1      | Reached XP level 1. HP: 19/19 MP: 0/0
   217 | D:1      | Reached XP level 2. HP: 27/27 MP: 1/1
   842 | D:2      | Reached XP level 3. HP: 33/33 MP: 2/2
  1878 | D:3      | Found Muphuihi's Antique Armour Emporium.
  1910 | D:3      | Found Fuipleog's Assorted Antiques.
  2055 | D:3      | Found a radiant altar of Vehumet.
  2222 | D:3      | Found a faded altar of an unknown god.
  2235 | D:3      | Found Daunoad's Weapon Shoppe.
  2373 | D:3      | Reached XP level 4. HP: 30/40 MP: 3/3
  2375 | D:3      | Found a glowing silver altar of Zin.
  2426 | D:3      | Found an opulent altar of Gozag.
  2426 | D:3      | Found an iron altar of Okawaru.
  2432 | D:3      | Became a worshipper of Gozag Ym Sagoz the Greedy
  2592 | D:3      | Bought a scroll labelled ZIGUTH QU BAZO for 24 gold pieces
  2592 | D:3      | Bought an orange potion for 21 gold pieces
  2592 | D:3      | Bought a purple potion for 21 gold pieces
  2592 | D:3      | Bought a scroll labelled CUTHOTT HEUJUV for 24 gold pieces
  2628 | D:3      | Noticed Jessica
  2632 | D:3      | Killed Jessica
  2966 | D:4      | Killed from afar by an orc priest

Illustrated notes

Levels and vault maps discovered:
D:1:      scummos_arrival_hexagon, layout_loops_corners, minivault_23,
          nrook_mini_vaults
D:2:      layout_basic
D:3:      layout_basic, vehumet_crystals, nicolae_overflow_two_pavilions,
          zin_academy, serial_shops, shop_statue, nicolae_diamond_shop,
          nicolae_shop_stone, ebering_ecumenical_altar_petrified, uniq_jessica
D:4:      layout_loops_corners, serial_shops, nicolae_shop_dealshenge,
          uniq_eustachio

Skill      XL: |  1  2  3 |
---------------+----------+-----
Shields        | 4 |  4.6
Fighting       | 4 |  4.3
Armour         | 4 |  4.6
Axes           | 3 |  3.7
Dodging        | |  0.5

Action                     |  1- 3 |  4- 6 || total
---------------------------+-------+-------++-------
  Melee: War axe           |    76 |    15 ||    91
         Headbutt          |    10 |     1 ||    11
 Armour: Scale mail        |    62 |    15 ||    77
  Dodge: Dodged            |    33 |     6 ||    39
  Block: Buckler           |    20 |     3 ||    23

Table legend: (Time is in decaauts)
 A = Elapsed time spent in this place.
 B = Non-inter-level travel time spent in this place.
 C = Inter-level travel time spent in this place.
 D = Time resting spent in this place.
 E = Time spent auto-exploring this place.
 F = Levels seen in this place.
 G = Mean time per level.
                   A        B        C        D        E       F      G
               +--------+--------+--------+--------+--------+-----+--------+
         Total |   3000 |   2923 |     77 |      0 |   2299 |   4 |  750.0 |
       Dungeon |   3000 |   2923 |     77 |      0 |   2299 |   4 |  750.0 |
               +--------+--------+--------+--------+--------+-----+--------+

Top non-repeatable levels by time:
     D:2: 1051 daAuts
     D:3: 976 daAuts
     D:1: 844 daAuts
     D:4: 128 daAuts
